 Dungeon Crawl Stone Soup version 0.21-a0-531-gacddea6 (webtiles) character file.

20475 CanOfBees the Scholar (level 12, 0/59 HPs)
             Began as a Gargoyle Earth Elementalist on Dec 12, 2017.
             Was an Elder of Sif Muna.
             Slain by a six-headed hydra (7 damage)
             ... on level 1 of the Lair of Beasts.
             The game lasted 00:49:47 (19037 turns).

CanOfBees the Scholar (GrEE)                       Turns: 19037, Time: 00:49:47

Health: 0/59       AC: 16    Str: 12    XL:     12   Next: 79%
Magic:  30/35      EV: 12    Int: 27    God:    Sif Muna [****..]
Gold:   1137       SH:  5    Dex: 10    Spells: 11/31 levels left

rFire    . . .     SeeInvis .   R - staff of earth
rCold    . . .     Gourm    +   p - +1 buckler
rNeg     + . .     Faith    .   U - +2 robe {MR+}
rPois    ∞         Spirit   .   W - +0 hat
rElec    +         Reflect  .   E - +0 cloak
rCorr    .         Harm     .   (no gloves)
MR       +....                  r - +2 pair of boots {Stlth+}
Stlth    +++.......             B - amulet of the gourmand
HPRegen  0.19/turn              P - +6 ring of intelligence
MPRegen  0.24/turn              F - ring of magical power

@: about to teleport, divine energy
A: negative energy resistance 1, electricity resistance, unbreathing,
petrification resistance, rot immunity, AC +8
a: Stop Divine Energy, Channel Magic, Forget Spell, Renounce Religion


You were on level 1 of the Lair of Beasts.
You worshipped Sif Muna.
Sif Muna was greatly pleased with you.
You were not hungry.

You visited 3 branches of the dungeon, and saw 13 of its levels.
You also visited: Ossuary, Bailey and Volcano.

You collected 1310 gold pieces.
You spent 173 gold pieces at shops.

Inventory:

Missiles
 b - 297 stones (quivered)
 c - 17 sling bullets
 n - 308 arrows
 t - 2 throwing nets
Armour
 p - a +1 buckler (worn)
 r - a +2 pair of boots of stealth (worn)
 E - a +0 cloak (worn)
 U - a +2 robe of magic resistance (worn)
 W - a +0 hat (worn)
Magical Staves
 R - an uncursed staff of earth (weapon)
Jewellery
 B - an amulet of the gourmand (around neck)
 F - a ring of magical power (right hand)
 P - a +6 ring of intelligence (left hand)
Wands
 q - a wand of clouds (1)
 T - a wand of acid (7)
Scrolls
 a - 2 scrolls of identify
 e - a scroll of amnesia {unknown}
 f - 10 scrolls of remove curse
 g - a scroll of magic mapping
 j - 2 scrolls of immolation
 k - a scroll of fog {unknown}
 o - a scroll of random uselessness {unknown}
 v - 6 scrolls of teleportation
 N - a scroll of summoning
Potions
 h - 2 potions of invisibility
 s - a potion of magic
 u - a potion of ambrosia {unknown}
 x - 4 potions of curing
 z - 2 potions of resistance {unknown}
 C - 2 potions of agility {unknown}
 D - 2 potions of lignification {unknown}
 G - a potion of brilliance {unknown}
 L - 6 potions of might
 M - 3 potions of flight
 Q - 2 potions of cancellation {unknown}
 S - 2 potions of haste {unknown}
Comestibles
 d - 12 bread rations
 i - 14 meat rations
 J - 5 royal jellies
 V - 3 fruits


   Skills:
 - Level 1.5 Dodging
 - Level 2.1 Stealth
 - Level 4.0 Shields
 + Level 10.4 Spellcasting
 + Level 10.5 Conjurations
 * Level 1.2 Hexes
 * Level 1.2 Translocations
 - Level 2.6 Transmutations
 + Level 11.0 Earth Magic
 + Level 11.4 Invocations


You had 11 spell levels left.
You knew the following spells:

 Your Spells              Type           Power        Failure   Level  Hunger
a - Sandblast             Erth           ######       1%          1    None
b - Stone Arrow           Conj/Erth      ######       1%          3    None
c - Lee's Rapid Deconstr  Erth           #######...   1%          5    ###....
d - Passwall              Tmut/Erth      ######....   1%          2    None
e - Magic Dart            Conj           ####         1%          1    None
f - Searing Ray           Conj           ######       1%          2    None
g - Dazzling Spray        Conj/Hex       #####.       1%          3    None
h - Sticks to Snakes      Tmut           ####....     1%          2    None
i - Apportation           Tloc           ###...       2%          1    None


Dungeon Overview and Level Annotations

Branches:
Dungeon (10/15)            Temple (1/1) D:5            Lair (2/6) D:8
    Orc (0/2) D:10
  Swamp: Lair:2-4    Shoals: Lair:2-4     Snake: Lair:2-4    Spider: Lair:2-4

Altars:
Ashenzari
Cheibriados
Dithmenos
Elyvilon
Fedhas
Gozag
Hepliaklqana
Kikubaaqudgha
Makhleb
Nemelex Xobeh
Okawaru
Qazlal
Ru
Sif Muna
Trog
Uskayaw
Vehumet
Wu Jian
Xom
Yredelemnul
Zin
The Shining One
Beogh

Shops:
D:5 !   D:8 (*   D:9 =   D:10 ([


Innate Abilities, Weirdness & Mutations

You are resistant to torment.
Your stone body is resilient. (AC +8)
You are immune to poison.
You resist negative energy. (rN+)
You are resistant to electric shocks. (rElec)
You can survive without breathing.
You are immune to petrification.
You are immune to rotting.


Message History

Press: ? - help, Dir - move target cursor You feel a surge of power!
The metal wall shatters!
The blast of metal fragments hits the fungus.
The fungus is almost destroyed.
The blast of metal fragments hits the six-headed hydra.
The six-headed hydra is heavily wounded.
The six-headed hydra completely misses you.
The six-headed hydra bites you!
* * * LOW HITPOINT WARNING * * *
The six-headed hydra bites you but does no damage. x2
The six-headed hydra bites you.
* * * LOW HITPOINT WARNING * * *
The six-headed hydra bites you.
* * * LOW HITPOINT WARNING * * *
Okay, then.
As you read the scroll of teleportation, it crumbles to dust.
You feel strangely unstable.
The six-headed hydra bites you but does no damage.
The six-headed hydra bites you!
You die...

.........................#
.............[...........#
.........................#
..##..###................##
.########.......#.#.#.##..#
.##....##..............#.##
.##....##......#.........#
...............#.........#
.##....P#......#@........#
........#......#D......#.#
.##....##......#F......#.#
.......##......P.........#
.########................#
.####.#P#....F...P###.+#.#
).............>..........#
.........................#
######.##................#


You could see a six-headed hydra and a blink frog.

Vanquished Creatures
  A two-headed ogre (D:9)
  Erica (D:9)
  A tengu warrior (D:10)
  2 skeletal warriors (Volcano)
  The ghost of jaclynhyde the Geomancer, a novice GrEE of Vehumet (Bailey)
  3 anaconda skeletons (Volcano)
  A toenail golem (Volcano)
  The ghost of pigah the Fighter, a novice DrWn (D:6)
  An elephant (Lair:1)
  2 black mambas
  An ice statue (D:10)
  Joseph (D:9)
  4 gargoyles (Volcano)
  A spiny frog (Lair:1)
  A komodo dragon (Lair:1)
  A harpy skeleton (Volcano)
  A blink frog (Lair:1)
  6 hippogriffs
  Sigmund (D:2)
  3 flying skulls (Volcano)
  A wyvern (D:10)
  2 alligator skeletons (Volcano)
  A basilisk (D:8)
  15 yaks
  2 hell hounds (Lair:1)
  5 water moccasins
  7 porcupines
  6 ice beasts
  3 orc warriors
  2 sky beasts
  A black bear (D:7)
  2 phantoms
  4 centaurs
  5 ogres
  2 crocodiles (D:8)
  2 big kobolds
  9 bullfrogs
  3 killer bees (D:8)
  4 scorpions
  A spriggan skeleton (Volcano)
  A troll skeleton (Volcano)
  5 wights (D:10)
  3 howler monkeys
  10 crimson imps
  4 orc priests
  5 jellies
  11 hounds
  7 orc wizards
  2 bullfrog skeletons (D:9)
  3 iguanas
  11 worker ants
  3 naga skeletons (Volcano)
  A hound skeleton (D:8)
  8 mummies (Ossuary)
  A worker ant zombie (D:6)
  10 gnolls
  13 adders
  4 shadow imps
  2 white imps (D:10)
  2 oozes
  An adder skeleton (D:7)
  4 worms
  3 leopard geckos
  57 orcs
  A ball python (D:2)
  5 bats
  8 giant cockroaches
  A gnoll zombie (Ossuary)
  6 goblins
  8 hobgoblins
  7 jackals
  3 quokkas
  5 frilled lizards
  2 goblin zombies (D:8)
  3 hobgoblin zombies (Ossuary)
  19 kobolds
  4 kobold zombies (Ossuary)
  A leopard gecko skeleton (D:4)
  A leopard gecko zombie (D:7)
  A quokka zombie (D:6)
  10 rats
  A fungus (Lair:2)
368 creatures vanquished.

Vanquished Creatures (others)
  A dart slug (D:2)
  5 fungi
  10 plants (D:8)
16 creatures vanquished.

Grand Total: 384 creatures vanquished

Notes
Turn   | Place    | Note
-------+----------+-------------------------------------------
     0 | D:1      | CanOfBees the Gargoyle Earth Elementalist began the quest for the Orb.
     0 | D:1      | Reached XP level 1. HP: 10/10 MP: 3/3
   318 | D:1      | Reached XP level 2. HP: 12/15 MP: 5/5
   948 | D:1      | Reached XP level 3. HP: 19/19 MP: 5/7
  1450 | D:2      | Noticed Sigmund
  1460 | D:2      | Killed Sigmund
  1460 | D:2      | Reached skill level 5 in Earth Magic
  1460 | D:2      | Reached XP level 4. HP: 16/24 MP: 2/10
  1460 | D:2      | Reached XP level 5. HP: 19/28 MP: 2/11
  1582 | D:2      | Found an opulent altar of Gozag.
  1621 | D:1      | Learned a level 3 spell: Stone Arrow
  1988 | D:2      | Reached skill level 1 in Conjurations
  1988 | D:2      | Reached XP level 6. HP: 23/32 MP: 12/12
  2189 | D:2      | Found a shadowy altar of Dithmenos.
  2806 | D:3      | Found a blossoming altar of Fedhas.
  3149 | D:3      | Reached XP level 7. HP: 32/36 MP: 14/14
  3794 | D:3      | Learned a level 5 spell: Lee's Rapid Deconstruction
  3902 | D:4      | Reached skill level 5 in Spellcasting
  4877 | D:5      | Entered Level 5 of the Dungeon
  5198 | D:5      | Found a deep blue altar of Sif Muna.
  5245 | D:5      | Found a staircase to the Ecumenical Temple.
  5255 | Temple   | Entered the Ecumenical Temple
  5611 | D:5      | Found Duitiv's Distillery.
  5621 | D:5      | Bought a potion of heal wounds for 70 gold pieces
  5621 | D:5      | Bought a potion of degeneration for 14 gold pieces
  5738 | D:5      | Reached skill level 5 in Conjurations
  5738 | D:5      | Reached XP level 8. HP: 33/41 MP: 16/16
  5902 | D:5      | Found a glowing golden altar of the Shining One.
  5902 | D:5      | Found an ornate altar of the Wu Jian Council.
  5933 | D:5      | Found a faded altar of an unknown god.
  5935 | D:5      | Found a faded altar of an unknown god.
  5936 | D:5      | Found a sparkling altar of Nemelex Xobeh.
  6789 | D:6      | Noticed pigah's ghost (novice DrWn)
  6817 | D:6      | Killed pigah's ghost
  6817 | D:6      | Reached XP level 9. HP: 38/45 MP: 13/18
  8369 | D:5      | Became a worshipper of Sif Muna the Loreminder
  8454 | D:7      | Reached skill level 1 in Shields
  8744 | D:7      | Reached skill level 1 in Invocations
  9588 | D:7      | Learned a level 2 spell: Passwall
  9703 | D:8      | Reached skill level 1 in Transmutations
  9721 | D:8      | Found a sand-covered staircase.
  9728 | Ossuary  | Entered an ossuary
 10282 | D:8      | Reached * piety under Sif Muna
 10353 | D:8      | Found Gyipibla's Weapon Shoppe.
 10354 | D:8      | Found Zin's Purification Station.
 10359 | D:8      | Bought 23 stones for 34 gold pieces
 10359 | D:8      | Bought 25 stones for 37 gold pieces
 10359 | D:8      | Bought 12 stones for 18 gold pieces
 10362 | D:8      | Found a glowing silver altar of Zin.
 10535 | D:8      | Reached XP level 10. HP: 50/50 MP: 17/21
 10991 | D:8      | Found a staircase to the Lair.
 11028 | D:8      | Reached skill level 5 in Invocations
 11274 | D:8      | Reached ** piety under Sif Muna
 11510 | D:8      | Found a burning altar of Makhleb.
 11511 | D:8      | Found a shimmering altar of Xom.
 11726 | D:8      | Found a radiant altar of Vehumet.
 11726 | D:8      | Found a sacrificial altar of Ru.
 11727 | D:8      | Found a bloodstained altar of Trog.
 12156 | D:8      | Found a roughly hewn altar of Beogh.
 12270 | D:8      | Got a scorched morningstar
 12272 | D:8      | Identified the cursed +1 morningstar of Iklouzun {venom, MR- Dex+6} (You found it on level 8 of the Dungeon)
 12482 | D:9      | Learned a level 1 spell: Magic Dart
 12485 | D:9      | Learned a level 2 spell: Searing Ray
 12544 | D:9      | Found Xocoim's Jewellery Shoppe.
 13085 | D:9      | Noticed Joseph
 13088 | D:9      | Killed Joseph
 13088 | D:9      | Reached XP level 11. HP: 54/54 MP: 21/24
 13199 | D:9      | Noticed Erica
 13209 | D:9      | Killed Erica
 13354 | D:9      | Noticed a two-headed ogre
 13365 | D:9      | Killed a two-headed ogre
 13365 | D:9      | Reached *** piety under Sif Muna
 14241 | D:10     | Entered Level 10 of the Dungeon
 14346 | D:10     | Found a flagged portal.
 14446 | Bailey   | Entered a bailey
 14446 | Bailey   | Noticed jaclynhyde's ghost (novice GrEE)
 14461 | Bailey   | Noticed SteelNeuron's ghost (novice GnGl)
 14466 | Bailey   | Killed jaclynhyde's ghost
 15081 | D:10     | Noticed a tengu warrior
 15297 | D:10     | Got a transparent hand crossbow {velocity}
 15299 | D:10     | Identified the cursed +1 hand crossbow of Icuekhli {velocity, rElec rN+ MR-} (You took it off a crimson imp on level 10 of the Dungeon)
 15451 | D:10     | Killed a tengu warrior
 15908 | D:10     | Found Qucef's Armour Boutique.
 15910 | D:10     | Found a staircase to the Orcish Mines.
 15913 | D:10     | Found Onned's Weapon Boutique.
 16506 | Lair:1   | Entered Level 1 of the Lair of Beasts
 16516 | Lair:1   | Learned a level 3 spell: Dazzling Spray
 16519 | Lair:1   | Learned a level 2 spell: Sticks to Snakes
 16521 | Lair:1   | Learned a level 1 spell: Apportation
 16576 | Lair:1   | Found a dark tunnel.
 16592 | Lair:1   | Reached **** piety under Sif Muna
 16682 | Volcano  | Entered a volcano
 16689 | Volcano  | Reached skill level 10 in Earth Magic
 16843 | Volcano  | Reached skill level 10 in Invocations
 16843 | Volcano  | Reached XP level 12. HP: 36/59 MP: 25/25
 16853 | Volcano  | Reached skill level 10 in Spellcasting
 17073 | Volcano  | Reached skill level 10 in Conjurations
 17329 | Volcano  | Got a pair of faintly glowing boots
 17331 | Volcano  | Identified the +0 pair of boots of Ofomuwk {rC- MR++ Str+9 Slay-4} (You found it in a volcano)
 18770 | Lair:1   | Reached skill level 1 in Hexes
 18770 | Lair:1   | Reached skill level 1 in Translocations
 19012 | Lair:2   | Noticed a six-headed hydra
 19037 | Lair:1   | Slain by a six-headed hydra

Vault maps used:
D:1:      dpeg_arrival_rooms_b
D:2:      nicolae_overflow_crystal_walls, grunt_dithmenos_smoke, serial_forest,
          infiniplex_forest_clump_tiny, infiniplex_forest_straight_1,
          infiniplex_forest_lined_corner, infiniplex_forest_end_1,
          infiniplex_forest_fountain, infiniplex_forest_clump_diagonal,
          infiniplex_forest_straight_2, st_stairs_3, minmay_hexomino_p4,
          uniq_sigmund
D:3:      lemuel_coloured_pillars_altar, first_bread
D:5:      lemuel_doored_altar, chequers_temple_overflow_minitemple,
          minmay_temple_entry_statues_pillars, serial_shops,
          nicolae_shop_crystal
D:6:      hangedman_decor_opposing, corexii_leaking_fountain
D:8:      grunt_temple_overflow_champion_of_chaos, zin_purify,
          gammafunk_temple_overflow_claw, minmay_lair_entry_grove,
          enter_ossuary_4, special_room, serial_shops, kennysheep_mini_moat
D:9:      serial_shops, shop_statue, grunt_ogre_cave, hangedman_corner_corridor,
          uniq_joseph, uniq_erica
D:10:     lemuel_ice_statue, orc_david_3, enter_bailey_8, minmay_nine_imps
Temple:   compressed_dpeg_triangle_lava_temple
Lair:1:   enter_volcano_3
Lair:2:   swamp_mist, cheibrodos_lair_reptile_den, uniq_nergalle
Ossuary:  ossuary_tomb_3
Bailey:   bailey_polearm_gnolls_kennysheep, bailey
Volcano:  volcano_tomb

Skill      XL: |  1  2  3  4  5  6  7  8  9 10 11 12 |
---------------+-------------------------------------+-----
Earth Magic    | 4 5 6 7 8 10 11 | 11.0
Spellcasting   | 4 5 6 7 9 10 | 10.4
Conjurations   | 1 3 5 7 8 9 10 | 10.5
Shields        | 4 |  4.0
Invocations    | 3 7 10 11 | 11.4
Transmutations | 2 |  2.6
Hexes          | 1 |  1.2
Translocations | 1 |  1.2
Dodging        | |  1.5
Stealth        | |  2.1

Action                   |  1- 3 |  4- 6 |  7- 9 | 10-12 || total
-------------------------+-------+-------+-------+-------++-------
Melee: Dagger            |    84 |    61 |   277 |       ||   422
       Short sword       |       |    53 |    10 |       ||    63
       Staff             |       |       |    18 |    12 ||    30
Throw: Stone             |       |       |     3 |     3 ||     6
 Cast: Sandblast         |    14 |    28 |    78 |   144 ||   264
       Stone Arrow       |       |     1 |    22 |    67 ||    90
       Lee's Rapid Decon |       |       |    13 |   110 ||   123
       Magic Dart        |       |       |       |     6 ||     6
       Searing Ray       |       |       |       |     8 ||     8
       Sticks to Snakes  |       |       |       |     3 ||     3
Invok: Channel Magic     |       |       |       |     1 ||     1
       Divine Energy     |       |       |       |     1 ||     1
Evoke: Wand              |       |     2 |       |     3 ||     5
  Use: Scroll            |       |       |     6 |    20 ||    26
       Potion            |       |       |       |    12 ||    12
 Stab: Sleeping          |       |     3 |     3 |       ||     6
  Eat: Chunk             |     2 |     3 |    38 |    36 ||    79
       Royal jelly       |       |     1 |       |       ||     1
Armor: Robe              |    32 |    58 |   159 |    90 ||   339
Dodge: Dodged            |    49 |   105 |   214 |    82 ||   450
Block: Buckler           |       |       |    25 |    39 ||    64

Table legend:
 A = Spawn XP
 B = Non-spawn XP
 C = Spawn XP percentage of total XP
 D = Spawn monster count
 E = Non-spawn monster count
 F = Spawn count percentage of total count
 G = Total turns spent on level
                    A         B        C        D         E        F      G
               +---------+---------+-------+---------+---------+-------+---------
         Total |       0 |   29251 |   0.0 |       0 |     367 |   0.0 | 19037
               +---------+---------+-------+---------+---------+-------+---------
           D:1 |       0 |      48 |   0.0 |       0 |      24 |   0.0 |  1785
           D:2 |       0 |     372 |   0.0 |       0 |      30 |   0.0 |   977
           D:3 |       0 |     238 |   0.0 |       0 |      27 |   0.0 |  1134
           D:4 |       0 |     241 |   0.0 |       0 |      13 |   0.0 |   981
           D:5 |       0 |     906 |   0.0 |       0 |      22 |   0.0 |  1779
           D:6 |       0 |    1175 |   0.0 |       0 |      20 |   0.0 |  1438
           D:7 |       0 |     762 |   0.0 |       0 |      24 |   0.0 |  1256
           D:8 |       0 |    3790 |   0.0 |       0 |      60 |   0.0 |  2370
           D:9 |       0 |    4426 |   0.0 |       0 |      35 |   0.0 |  2135
          D:10 |       0 |    3833 |   0.0 |       0 |      42 |   0.0 |  1748
        Lair:1 |       0 |    4594 |   0.0 |       0 |      19 |   0.0 |  1618
        Lair:2 |       0 |    1021 |   0.0 |       0 |       5 |   0.0 |    85
       Ossuary |       0 |     149 |   0.0 |       0 |      16 |   0.0 |   498
        Bailey |       0 |     866 |   0.0 |       0 |       9 |   0.0 |    64
       Volcano |       0 |    6830 |   0.0 |       0 |      21 |   0.0 |   828
               +---------+---------+-------+---------+---------+-------+---------
